Map: Traitor's Exile

Players

Talophex

  • Race: Protoss Protoss
  • Spawn Location: 9:00

mikaruno

  • Race: Terran Terran
  • Spawn Location: 12:00

OpuS - Winner!

  • Race: Protoss Protoss
  • League: Platinum
  • Spawn Location: 6:00

Sketchaphone - Winner!

  • Race: Zerg Zerg
  • League: Platinum
  • Spawn Location: 5:00

VOD

Have the link to the VOD?

Description

Time

  • Played on: Feb. 16, 2019, 9:54 p.m.
  • Length: 5:25
Show
View Real Time Build Order
Export as new Build Order

Talophex Protoss 

Build Orders:  

Get SALT Encoding   

  12  0:02  Probe  
  13  0:14  Probe  
  14  0:26  Pylon, Probe  
  15  0:42  Probe  
  15  0:45  Gateway  
  16  0:50  Probe  
  17  0:58  Probe  
  17  1:00  Assimilator  
  18  1:09  Pylon  
  18  1:10  Probe  
  19  1:22  Probe  
  20  1:38  Cybernetics Core  
  20  1:48  Probe  
  20  1:51  Assimilator  
  21  2:00  Probe  
  22  2:05  Stalker, Nexus  
  25  2:22  Probe  
  25  2:26  Stalker  
  25  2:32  Forge  
  25  2:34  Probe  
  28  2:49  Pylon  
  28  2:54  Stalker  
  30  3:11  Photon Cannon  
  30  3:17  Probe  
  31  3:20  Probe  
  31  3:24  Sentry  
  34  3:27  Probe  
  34  3:32  Probe  
  36  3:35  Probe  
  37  3:44  Probe  
  37  3:45  Probe, Assimilator  
  39  3:54  Pylon  
  39  3:56  Probe  
  39  3:57  Stalker  
  39  4:00  Probe  
  43  4:08  Probe  
  44  4:11  Stargate  
  44  4:12  Probe  
  44  4:15  Pylon  
  45  4:20  Probe  
  46  4:27  Photon Cannon  
  46  4:32  Probe  
  45  4:52  Stalker  
Show
View Real Time Build Order
Export as new Build Order

mikaruno Terran 

Build Orders:  

Get SALT Encoding   

  12  0:01  SCV  
  13  0:15  Supply Depot  
  13  0:19  SCV  
  14  0:31  SCV  
  15  0:39  Barracks  
  15  0:43  SCV  
  16  0:55  SCV  
  16  0:57  Refinery  
  17  1:07  SCV  
  18  1:19  SCV  
  20  1:33  Orbital Command  
  19  1:40  Reaper  
  19  1:45  Barracks  
  20  2:05  SCV  
  21  2:16  Marine  
  21  2:18  SCV  
  23  2:30  Supply Depot  
  23  2:45  Factory  
  23  2:52  Marine x2, SCV  
  26  3:04  SCV  
  27  3:07  Barracks  
  27  3:10  Marine x2  
  29  3:16  SCV  
  30  3:28  SCV  
  30  3:29  Factory Tech Lab, Marine  
  31  3:38  Supply Depot  
  31  3:39  Supply Depot  
  31  3:54  Command Center  
  31  3:59  Barracks Reactor, Siege Tank, SCV  
  31  4:01  Barracks Reactor  
  35  4:08  Barracks Tech Lab  
  35  4:11  SCV  
  35  4:14  Refinery  
  36  4:18  Engineering Bay  
  36  4:20  Engineering Bay  
  36  4:22  Supply Depot  
  36  4:23  SCV  
  37  4:35  SCV  
  33  4:42  Marine x5  
Show
View Real Time Build Order
Export as new Build Order

OpuS Protoss - Winner!

Build Orders:  

Get SALT Encoding   

  12  0:01  Probe  
  13  0:13  Probe  
  14  0:19  Pylon  
  14  0:25  Probe  
  15  0:38  Probe  
  15  0:39  Gateway  
  16  0:46  Probe  
  16  0:54  Probe  
  17  0:57  Assimilator  
  17  0:59  Assimilator  
  17  1:02  Probe  
  18  1:10  Probe  
  19  1:13  Gateway  
  20  1:29  Cybernetics Core  
  20  1:34  Pylon  
  20  1:40  Probe  
  21  1:52  Probe  
  22  2:02  Pylon  
  22  2:04  Probe  
  22  2:05  Warp Gate  
  22  2:06  Stalker  
  25  2:16  Probe  
  25  2:18  Stalker  
  28  2:31  Robotics Facility  
  27  2:48  Stalker  
  29  2:52  Gateway  
  29  3:00  Stalker  
  31  3:07  Pylon  
  31  3:19  Immortal  
  35  3:53  Nexus  
  35  4:00  Zealot x2  
  35  4:01  Zealot  
  41  4:08  Pylon  
  41  4:14  Probe  
  40  4:44  Probe  
  39  4:56  Probe  
  40  5:00  Stalker  
  40  5:02  Stalker  
  44  5:08  Probe  
Show
View Real Time Build Order
Export as new Build Order

Sketchaphone Zerg - Winner!

Build Orders: Hatch First 

Get SALT Encoding   

  12  0:02  Drone  
  13  0:12  Overlord  
  13  0:18  Drone  
  14  0:31  Drone x2  
  14  0:35  Drone  
  17  0:56  Hatchery  
  16  0:59  Drone  
  16  1:02  Drone  
  16  1:04  Extractor  
  17  1:09  Drone  
  18  1:22  Spawning Pool  
  17  1:27  Drone  
  17  1:28  Drone  
  19  1:39  Overlord  
  19  1:49  Drone  
  20  2:06  Drone  
  21  2:09  Metabolic Boost, Queen  
  21  2:11  Queen  
  21  2:14  Drone  
  26  2:19  Drone  
  27  2:30  Roach Warren  
  27  2:33  Drone  
  27  2:34  Drone  
  28  2:37  Drone  
  28  2:40  Drone  
  30  2:55  Drone  
  30  2:57  Overlord  
  31  3:06  Drone  
  31  3:11  Drone  
  33  3:14  Zergling x2  
  33  3:17  Roach x3  
  40  3:30  Roach x2  
  40  3:34  Overlord  
  44  3:40  Overlord  
  44  3:52  Roach x4  
  44  3:54  Overlord  
  52  4:02  Overlord, Roach  
  54  4:05  Overlord  
  54  4:09  Roach x3  
  60  4:16  Zergling x4  
  60  4:17  Zergling x2  
  62  4:42  Zergling x16  
  70  4:47  Zergling x4  
  70  4:53  Drone  
  70  4:56  Drone  
  72  5:08  Zergling x4  
  74  5:20  Evolution Chamber  
  73  5:25  Hatchery  
Tags
 
Add a new tag
Caveats
  • Supply blocks, unpowered buildings, or Contaminate may cause inaccurate times.
  • Supply counts are checked every 10 seconds.